 Dungeon Crawl Stone Soup version 0.23-a0-767-gdc19b93d68 (webtiles) character file.

216332 Flugkiller the Devastator (level 19, -2/104 HPs)
             Began as a Kobold Fire Elementalist on Jan 20, 2019.
             Was an Elder of Dithmenos.
             Slain by a tengu reaver
             ... wielding a +0 bardiche
              (31 damage)
             ... on level 3 of the Abyss.
             The game lasted 02:54:23 (59572 turns).

Flugkiller the Devastator (KoFE)                   Turns: 59572, Time: 02:54:24

Health: -2/104     AC: 11    Str:  4 (6)  XL:     19   Next: 24%
Magic:  28/31      EV: 32    Int: 16 (17) God:    Dithmenos [****..]
Gold:   2614       SH:  7    Dex: 20 (21) Spells: 16/42 levels left

rFire    + . .     SeeInvis .   y - +5 rapier (elec)
rCold    . . .     Gourm    .   f - +0 buckler
rNeg     . . .     Faith    .   m - +2 robe {MR+}
rPois    .         Spirit   .   N - +2 helmet
rElec    .         Reflect  .   H - +2 cloak
rCorr    .         Harm     .   a - +2 pair of gloves
MR       ++...     Rnd*Rage +   S - +1 pair of boots
Stlth    +++.......             B - amulet of the acrobat
HPRegen  0.00/turn              E - ring of fire
MPRegen  0.22/turn              D - ring of protection from cold

@: agile, about to teleport, silence, corroded, very slightly contaminated,
hasted, wreathed by umbra, drained, very quick
A: small, [berserk 2], [blurry vision 1], carnivore, [clumsy 1], [deterioration
1], [dopey 2], [frail 1], [low mp 1], [screaming 1], [inhibited regeneration],
[no potion heal 2]
}: 2/15 runes: abyssal, gossamer
a: Renounce Religion


You were on level 3 of the Abyss.
You worshipped Dithmenos.
Dithmenos was greatly pleased with you.
You were not hungry.

You visited 7 branches of the dungeon, and saw 32 of its levels.
You visited the Abyss 1 time.
You also visited: Sewer and Ice Cave.

You collected 3363 gold pieces.
You spent 749 gold pieces at shops.

Inventory:

Hand Weapons
 y - a +5 rapier of electrocution (weapon)
   (You acquired it on level 2 of the Spider Nest)
Missiles
 d - 773 stones (quivered)
 i - a throwing net
Armour
 a - a +2 pair of gloves (worn)
   (You found it on level 2 of the Elven Halls)
 f - a +0 buckler (worn)
   (You took it off an orc wizard on level 11 of the Dungeon)
 m - a +2 robe of magic resistance (worn)
   (You took it off an orc sorcerer on level 1 of the Orcish Mines)
 H - a +2 cloak (worn)
   (You took it off Nikola on level 3 of the Spider Nest)
 N - a +2 helmet (worn)
   (You found it on level 13 of the Dungeon)
 S - a +1 pair of boots (worn)
   (You found it on level 5 of the Lair of Beasts)
Magical Staves
 b - an uncursed staff of poison
   (You found it on level 5 of the Dungeon)
 T - an uncursed staff of air
   (You found it on level 11 of the Dungeon)
Jewellery
 B - an amulet of the acrobat (around neck)
   (You found it on level 5 of the Lair of Beasts)
 D - a ring of protection from cold (right hand)
   (You took it off a frost giant in an ice cave)
 E - a ring of fire (left hand)
   (You found it on level 9 of the Dungeon)
 Q - an uncursed ring of magical power
   (You found it on level 5 of the Lair of Beasts)
Wands
 h - a wand of flame (56)
   (You found it on level 8 of the Dungeon)
 k - a wand of enslavement (31)
   (You found it on level 4 of the Dungeon)
 o - a wand of clouds (1)
   (You found it on level 1 of the Lair of Beasts)
 F - a wand of acid (28)
   (You found it on level 9 of the Dungeon)
 R - a wand of iceblast (17)
   (You found it on level 6 of the Lair of Beasts)
 X - a wand of scattershot (3)
   (You took it off a skeletal warrior on level 12 of the Dungeon)
 Z - a wand of disintegration (18)
   (You found it on level 3 of the Spider Nest)
Scrolls
 j - 6 scrolls of teleportation
 l - 3 scrolls of amnesia
 s - 6 scrolls of remove curse
 C - a scroll of blinking
 J - 2 scrolls of identify
 K - 3 scrolls of fog
 L - a scroll of summoning
 O - a scroll of fear
 P - 2 scrolls of torment
 V - 4 scrolls of magic mapping
 W - 3 scrolls of immolation
 Y - a scroll of holy word
Potions
 e - a potion of resistance
 g - 4 potions of brilliance
 p - 5 potions of haste
 q - a potion of berserk rage
 r - 4 potions of agility
 t - 3 potions of mutation
 u - 4 potions of curing
 z - 2 potions of ambrosia
 A - 5 potions of might
 G - a potion of flight
 I - 2 potions of lignification
 M - 2 potions of magic
 U - a potion of cancellation
Miscellaneous
 v - a phial of floods
   (You found it on level 9 of the Dungeon)
 w - a box of beasts
Comestibles
 c - 45 rations


   Skills:
 - Level 12.0(11.0) Fighting
 - Level 14.0(13.0) Short Blades
 + Level 14.8(13.7) Dodging
 - Level 2.6(1.9) Stealth
 - Level 5.6(4.7) Shields
 - Level 12.0(11.0) Spellcasting
 + Level 16.7(15.6) Conjurations
 - Level 2.0(1.3) Hexes
 - Level 11.7(10.7) Fire Magic
 - Level 11.0(10.0) Invocations


You had 16 spell levels left.
You knew the following spells:

 Your Spells              Type           Power        Failure   Level  Hunger
a - Flame Tongue          Conj/Fire      #####        1%          1    None
b - Confusing Touch       Hex            ##....       5%          1    None
c - Conjure Flame         Conj/Fire      ######..     1%          3    None
d - Sticky Flame          Conj/Fire      ######..     1%          4    ###....
e - Fireball              Conj/Fire      ######....   1%          5    #####..
f - Orb of Destruction    Conj           ######....   12%         7    #######
g - Iskenderun's Battles  Conj/Chrm      ####....     10%         5    #####..

Your spell library contained the following spells:

 Spells                   Type           Power        Failure   Level  Hunger
 Shock                    Conj/Air       ####         1%          1    None
 Searing Ray              Conj           ######       1%          2    None
 Throw Flame              Conj/Fire      ######       1%          2    None
 Dazzling Spray           Conj/Hex       #####.       1%          3    None
 Stone Arrow              Conj/Erth      ####..       1%          3    None
 Inner Flame              Hex/Fire       #####...     2%          3    None
 Mephitic Cloud           Conj/Pois/Air  ####....     3%          3    None
 Corona                   Hex            ##.....      5%          1    None
 Bolt of Magma            Conj/Fire/Erth ######....   7%          5    #####..
 Slow                     Hex            ##......     8%          2    None
 Animate Skeleton         Necr           N/A          9%          1    None
 Infusion                 Chrm           #...         9%          1    None
 Pain                     Necr           #...         9%          1    None
 Summon Small Mammal      Summ           #...         9%          1    None
 Venom Bolt               Conj/Pois      ####......   10%         5    #####..
 Call Imp                 Summ           #.......     13%         2    None
 Poisonous Vapours        Pois/Air       #.....       13%         2    None
 Sticks to Snakes         Tmut           #.......     13%         2    None
 Confuse                  Hex            ##......     16%         3    None
 Portal Projectile        Hex/Tloc       ##....       21%         3    None
 Summon Guardian Golem    Hex/Summ       ##......     21%         3    None
 Call Canine Familiar     Summ           #.......     26%         3    None
 Gell's Gravitas          Tloc           #.........   26%         3    None
 Regeneration             Chrm/Necr      #.........   26%         3    None
 Vampiric Draining        Necr           #.........   26%         3    None
 Cause Fear               Hex            ##........   45%         4    ###....
 Iron Shot                Conj/Erth      ####......   50%         6    ######.
 Leda's Liquefaction      Hex/Erth       ##........   56%         4    ###....
 Animate Dead             Necr           N/A          65%         4    ###....
 Ice Form                 Ice/Tmut       #.......     65%         4    ###....
 Petrify                  Tmut/Erth      #.......     65%         4    ###....
 Summon Ice Beast         Ice/Summ       #.......     65%         4    ###....
 Summon Lightning Spire   Summ/Air       #.......     65%         4    ###....
 Freezing Cloud           Conj/Ice/Air   ####......   85%         6    ######.
 Metabolic Englaciation   Hex/Ice        ##........   88%         5    #####..
 Yara's Violent Unravell  Hex/Tmut       ##........   88%         5    #####..
 Alistair's Intoxication  Tmut/Pois      #.......     94%         5    #####..
 Spellforged Servitor     Conj/Summ      ####......   97%         7    #######
 Ring of Flames           Chrm/Fire      #####.....   100%        7    #######


Dungeon Overview and Level Annotations

Branches:
Dungeon (15/15)            Temple (1/1) D:7            Lair (6/6) D:10
 Shoals (1/4) Lair:4       Spider (4/4) Lair:3        Slime (0/5) Lair:6
    Orc (2/2) D:10            Elf (3/3) Orc:2        Vaults (0/5) D:14
 Depths (0/5) D:15

Altars:
Ashenzari
Cheibriados
Dithmenos
Elyvilon
Fedhas
Gozag
Hepliaklqana
Kikubaaqudgha
Makhleb
Nemelex Xobeh
Okawaru
Qazlal
Ru
Sif Muna
Trog
Uskayaw
Vehumet
Wu Jian
Xom
Yredelemnul
Zin
The Shining One

Shops:
D:8 (   D:10 [   Orc:1 :   Orc:2 ([*   Elf:1 =   Elf:3 (

Portals:
Trove: Elf:2 (give 19 scrolls of identify)

Annotations:
D:4 2 transporters, smajdalf's ghost, amateur TeAE
D:8 Erica
D:10 exclusion: oklob plant
D:11 2 transporters, PeterQ's ghost, journeyman HuEn
D:13 Rupert
Lair:4 3 runed doors, exclusion: downstairs, Semoacif's ghost, journeyman GnAE
Lair:5 1 runed door
Lair:6 exclusion: oklob plant
Elf:2 3 runed doors


Innate Abilities, Weirdness & Mutations

You are small and have problems with some larger weapons.
You are carnivorous and can eat meat at any time.
[You often lose your temper in combat.]
[Scrolls take you a little longer to read.]
[You are clumsy. (Dex -2)]
[Your body sometimes deteriorates upon taking damage.]
[You are very dopey. (Int -4)]
[You are frail. (-10% HP)]
[Your magical capacity is low. (-10% MP)]
[You occasionally shout uncontrollably at your foes.]
[You do not regenerate when monsters are visible.]
[Potions are poor at restoring your health.]


Message History

Your system partially rejects the healing.
You feel better.
The deep elf sorcerer hits you but does no damage.
The tengu reaver hits you from afar with a +0 bardiche!!
* * * LOW HITPOINT WARNING * * *
Your body deteriorates!
You feel clumsy. The dire elephant tramples you!
* * * LOW HITPOINT WARNING * * *
You hold your ground!
The dire elephant misses you.
Your system partially rejects the healing.
You feel better.
The deep elf sorcerer completely misses you.
The deep elf sorcerer misses you.
Unknown command.
Your system partially rejects the healing.
You feel better. The dire elephant barely misses you.
The dire elephant trunk-slaps you but does no damage.
The deep elf sorcerer completely misses you.
The deep elf sorcerer closely misses you.
The tengu reaver barely misses you.
Unknown command.
Your system partially rejects the healing.
You feel better. The tengu reaver misses you.
The deep elf sorcerer hits you with a +0 short sword.
* * * LOW HITPOINT WARNING * * *
The deep elf sorcerer misses you. The dire elephant misses you.
You block the dire elephant's attack.
Evoke which item? (* to show all) (? for menu, Esc to quit)
Okay, then.
Evoke which item? (* to show all) (? for menu, Esc to quit)
Aiming: Cloud Cone
Press: ? - help, Dir - move target cursor, f - dire elephant
Aim: a dire elephant (black smoke, silenced, umbra)
You create a blast of poison gas!
The deep elf sorcerer barely misses you.
You block the deep elf sorcerer's attack.
The tengu reaver misses you.
Unknown command.
Unknown command.
Okay, then.
Unknown command.
Evoke which item? (* to show all) (? for menu, Esc to quit)
Okay, then.
Your system partially rejects the healing.
You feel better. The dire elephant misses you.
The dire elephant trunk-slaps you.
* * * LOW HITPOINT WARNING * * *
You block the deep elf sorcerer's attack.
The tengu reaver hits you from afar with a +0 bardiche!!
You die...

♣≈..*x...
♣
##R##♣§♣
# Yf Qf #
#Q..#
##R##
#QQ*
#eY*#
#@eQ#
#####


You could see a dire elephant, 3 tengu reavers, 2 deep elf sorcerers and 2
battlespheres.

Vanquished Creatures
  Saint Roka (Orc:2)
  Nikola (Spider:3)
  Arachne (Spider:4)
  A tentacled starspawn (Abyss:3)
  Kirke (Lair:5)
  Frances (D:14)
  A draconian monk (Abyss:3)
  6 emperor scorpions
  A frost giant (IceCv)
  Louise (D:14)
  3 ghost moths (Spider:4)
  An orc warlord (Orc:2)
  A deep elf demonologist (Elf:3)
  5 entropy weavers
  A deep elf annihilator (Elf:1)
  A spark wasp (Spider:4)
  A hydra (Lair:4)
  A catoblepas (D:13)
  5 centaur warriors
  A death knight (D:15)
  7 two-headed ogres
  4 orc high priests (Orc:2)
  A merfolk aquamancer (Shoals:1)
  2 death yaks (IceCv)
  16 dancing weapons
  A wretched star (Abyss:3)
  10 skeletal warriors
  2 deep elf knights (Elf:2)
  A sixfirhy (Abyss:3)
  5 large abominations (Abyss:3)
  A glowing orange brain (D:15)
  7 deep elf archers
  2 wizards
  2 oklob plants (Lair:4)
  24 orb spiders
  4 orc knights
  5 orc sorcerers
  30 wolf spiders
  A manticore (D:14)
  11 ugly things
  32 deep elf magi
  A mana viper (shapeshifter) (Elf:3)
  3 moths of wrath
  10 elephants
  A cyclops (D:14)
  A cyclops (shapeshifter) (D:15)
  Joseph (D:8)
  An ice statue (IceCv)
  2 molten gargoyles (Lair:6)
  9 black mambas
  A gargoyle (D:11)
  3 torpor snails
  An orange demon (Abyss:3)
  8 komodo dragons
  2 spiny frogs
  A hellion (Abyss:3)
  4 kobold demonologists
  2 rime drakes
  2 ancient zymes (Abyss:3)
  13 demonic crawlers
  A polar bear (shapeshifter) (D:15)
  3 trolls
  50 jumping spiders
  A meliai (Spider:2)
  A merfolk (Shoals:1)
  13 polar bears (IceCv)
  A wind drake (Shoals:1)
  2 snapping turtles (Shoals:1)
  5 slime creatures
  6 hornets
  9 hippogriffs
  A shadow (D:15)
  39 tarantellas
  108 redbacks
  An air elemental (Elf:3)
  A redback (shapeshifter) (Elf:3)
  36 yaks
  A vampire (D:14)
  3 wyverns
  A human (D:7)
  4 water elementals
  3 wraiths (D:14)
  10 hogs
  2 basilisks
  A chaos spawn (Abyss:3)
  A fire elemental (Elf:1)
  2 steam dragons
  A neqoxec (Abyss:3)
  3 vampire mosquitoes (D:14)
  3 hungry ghosts
  A swamp worm (shapeshifter) (Abyss:3)
  2 wargs
  3 acid dragons
  2 water moccasins
  4 hell hounds
  10 porcupines
  A swamp drake (D:10)
  5 black bears
  45 orc warriors
  8 sky beasts
  3 eyes of draining
  14 ice beasts
  4 phantoms
  13 ogres
  15 wolves (IceCv)
  12 crocodiles
  8 centaurs
  6 big kobolds
  18 bullfrogs
  A wyvern zombie (D:9)
  A wyvern skeleton (D:13)
  A hornet simulacrum (D:14)
  5 scorpions
  A killer bee (D:8)
  5 wights
  11 howler monkeys
  3 electric eels
  6 crimson imps
  5 centaur zombies
  8 jellies
  A quasit (D:12)
  4 starcursed masses (Abyss:3)
  2 bullfrog zombies
  34 orc priests
  6 hounds
  38 orc wizards
  6 worker ants
  A bullfrog skeleton (D:8)
  6 centaur skeletons
  3 iguanas
  Terence (D:3)
  2 hound skeletons
  2 worker ant zombies
  A howler monkey zombie (D:5)
  10 gnolls
  18 adders
  2 shadow imps
  An ooze (D:2)
  An adder skeleton (D:8)
  3 worms
  5 leopard geckos
  127 orcs
  A ball python (D:1)
  12 bats
  8 giant cockroaches
  9 goblins
  6 hobgoblins
  4 jackals
  24 kobolds
  4 quokkas
  A frilled lizard (D:3)
  A giant cockroach zombie (D:5)
  2 leopard gecko zombies (D:6)
  13 rats
  3 butterflies (Lair:4)
  A fungus (Lair:3)
  2 plants (Lair:4)
  A starspawn tentacle (Abyss:3)
1169 creatures vanquished.

Vanquished Creatures (collateral kills)
  An orc wizard (Orc:2)
1 creature vanquished.

Vanquished Creatures (others)
  A jumping spider (Spider:3)
  A ynoxinul (Abyss:3)
  An orc (D:13)
  8 fungi
  3 plants
  3 starspawn tentacles (Abyss:3)
17 creatures vanquished.

Grand Total: 1187 creatures vanquished

Notes
Turn   | Place    | Note
-------+----------+-------------------------------------------
     0 | D:1      | Flugkiller the Kobold Fire Elementalist began the quest for
                  | the Orb.
     0 | D:1      | Reached XP level 1. HP: 10/10 MP: 3/3
   327 | D:1      | Reached XP level 2. HP: 16/16 MP: 1/5
   725 | D:1      | Reached skill level 1 in Fighting
  1055 | D:2      | Reached XP level 3. HP: 18/20 MP: 0/6
  1277 | D:2      | Learned a level 3 spell: Conjure Flame
  1378 | D:2      | Reached skill level 2 in Conjurations
  1801 | D:2      | Reached XP level 4. HP: 25/25 MP: 1/7
  2166 | D:3      | Found an ancient bone altar of Kikubaaqudgha.
  2393 | D:3      | Reached skill level 3 in Conjurations
  2589 | D:3      | Found a glowing drain.
  2597 | Sewer    | Entered a sewer
  2707 | Sewer    | Noticed a crocodile
  2726 | Sewer    | Killed a crocodile
  2726 | Sewer    | Reached XP level 5. HP: 31/31 MP: 0/10
  3141 | D:3      | Noticed Terence
  3226 | D:3      | Killed Terence
  3226 | D:3      | Reached XP level 6. HP: 32/36 MP: 1/11
  4419 | D:4      | Noticed an ogre
  4444 | D:4      | Killed an ogre
  4444 | D:4      | Reached skill level 4 in Conjurations
  4444 | D:4      | Reached XP level 7. HP: 41/41 MP: 4/12
  4798 | D:4      | Noticed a hungry ghost
  4833 | D:4      | Killed a hungry ghost
  4833 | D:4      | Reached skill level 5 in Fire Magic
  4978 | D:4      | Noticed smajdalf's ghost (amateur TeAE)
  5219 | D:4      | Found a transporter.
  5226 | D:4      | Found a transporter.
  5340 | D:4      | Reached skill level 5 in Conjurations
  5385 | D:4      | Learned a level 4 spell: Sticky Flame
  5399 | D:5      | Entered Level 5 of the Dungeon
  5493 | D:5      | Reached XP level 8. HP: 48/48 MP: 11/13
  5800 | D:5      | Found an opulent altar of Gozag.
  6240 | D:5      | Reached skill level 6 in Conjurations
  6586 | D:5      | Reached skill level 5 in Fighting
  6774 | D:5      | Reached XP level 9. HP: 43/54 MP: 9/14
  6972 | D:5      | Learned a level 5 spell: Fireball
  7508 | D:6      | Got a turquoise-studded ring mail
  7557 | D:5      | Identified the +2 ring mail of Salvation {rN+ Int+4} (You
                  | found it on level 6 of the Dungeon)
  7962 | D:6      | Reached skill level 7 in Conjurations
  9390 | D:6      | Found a hazy altar of Hepliaklqana.
  9523 | D:6      | Reached skill level 8 in Conjurations
 10119 | D:7      | Found a staircase to the Ecumenical Temple.
 10139 | Temple   | Entered the Ecumenical Temple
 10290 | Temple   | Became a worshipper of Dithmenos the Shadowed
 10594 | D:7      | Noticed a hippogriff
 10605 | D:7      | Killed a hippogriff
 10605 | D:7      | Reached XP level 10. HP: 59/59 MP: 6/15
 10694 | D:7      | Found a glowing silver altar of Zin.
 10698 | D:7      | Found a bloodstained altar of Trog.
 10703 | D:7      | Found a shattered altar of Ashenzari.
 11065 | D:7      | Reached skill level 9 in Conjurations
 11607 | D:8      | Found Pethy's Antique Weapon Emporium.
 12211 | D:8      | Noticed Joseph
 12461 | D:8      | Killed Joseph
 12461 | D:8      | Reached skill level 5 in Dodging
 13194 | D:8      | Reached skill level 10 in Fire Magic
 13308 | D:8      | Noticed Erica
 13569 | D:9      | Reached * piety under Dithmenos
 13876 | D:9      | Reached skill level 10 in Conjurations
 13949 | D:9      | Noticed a two-headed ogre
 13969 | D:9      | Killed a two-headed ogre
 13969 | D:9      | Reached XP level 11. HP: 63/63 MP: 2/17
 14015 | D:9      | Noticed a two-headed ogre
 14295 | D:9      | Reached skill level 5 in Spellcasting
 14584 | D:9      | Killed a two-headed ogre
 14688 | D:10     | Entered Level 10 of the Dungeon
 14688 | D:10     | Found a staircase to the Lair.
 15207 | D:10     | Found Vuph's Armour Boutique.
 15215 | D:10     | Bought the +1 robe of Diulo {Int+3} for 209 gold pieces
 15240 | D:10     | Found a blossoming altar of Fedhas.
 15242 | D:10     | Noticed an oklob plant
 15392 | D:10     | Reached skill level 1 in Short Blades
 15615 | D:10     | Reached ** piety under Dithmenos
 16060 | D:10     | Found a staircase to the Orcish Mines.
 16292 | D:10     | I've got a bad feeling about this game, I'm gonna stop for
                  | now
 16292 | D:10     | How likely is it that I'm going to die to a rime drake with
                  | this ring on lol
 16293 | Lair:1   | Entered Level 1 of the Lair of Beasts
 16614 | Lair:1   | Got a jewelled chain mail
 16947 | Lair:1   | Reached skill level 5 in Short Blades
 16947 | Lair:1   | Reached XP level 12. HP: 64/70 MP: 6/23
 18764 | Lair:3   | Found a hole to the Spider Nest.
 18908 | Lair:3   | Reached *** piety under Dithmenos
 19858 | Lair:4   | Noticed a seven-headed hydra
 20103 | Lair:4   | Found a staircase to the Shoals.
 20142 | Lair:4   | Found a runed gate.
 20142 | Lair:4   | Found a runed gate.
 20142 | Lair:4   | Found a runed gate.
 20667 | Lair:4   | Noticed Semoacif's ghost (journeyman GnAE)
 20880 | Lair:4   | Reached skill level 10 in Dodging
 21392 | Lair:4   | Killed a seven-headed hydra
 21902 | Lair:4   | Reached XP level 13. HP: 54/79 MP: 0/26
 22199 | Lair:5   | Noticed Kirke
 23158 | Lair:5   | Found a runed door.
 23185 | Lair:5   | Reached **** piety under Dithmenos
 23252 | Lair:5   | Killed Kirke
 23758 | Lair:6   | Entered Level 6 of the Lair of Beasts
 24184 | Lair:6   | Found a staircase to the Slime Pits.
 24238 | Lair:6   | Reached skill level 10 in Fighting
 25757 | D:11     | Found a transporter.
 25757 | D:11     | Noticed PeterQ's ghost (journeyman HuEn)
 25759 | D:11     | Noticed an eight-headed hydra
 25854 | D:11     | Reached skill level 10 in Short Blades
 25938 | D:11     | Found a shadowy altar of Dithmenos.
 26111 | D:11     | Found a transporter.
 26149 | D:11     | Learned a level 1 spell: Confusing Touch
 26398 | D:11     | Reached skill level 1 in Hexes
 26621 | D:11     | Reached XP level 14. HP: 88/88 MP: 14/27
 27162 | D:12     | Reached ***** piety under Dithmenos
 28208 | D:12     | Reached skill level 11 in Conjurations
 28529 | D:12     | Identified 2 scrolls of acquirement
 28533 | D:12     | Identified the Incunabulum of Battle Magic and Stones (You
                  | acquired it on level 12 of the Dungeon)
 28640 | D:13     | Noticed Rupert
 29884 | D:13     | Paralysed by Rupert for 5 turns
 30010 | D:12     | Reached skill level 1 in Invocations
 30654 | D:14     | Noticed Frances
 30663 | D:14     | Killed Frances
 30875 | D:14     | Reached skill level 5 in Invocations
 31130 | D:14     | Noticed Louise
 31452 | D:14     | Reached XP level 15. HP: 92/92 MP: 21/28
 31708 | D:14     | Found a gate to the Vaults.
 31902 | D:14     | Killed Louise
 32358 | D:15     | Entered Level 15 of the Dungeon
 33121 | D:15     | Found a shattered altar of Ashenzari.
 33438 | D:15     | Reached skill level 10 in Invocations
 33850 | D:15     | Found a staircase to the Depths.
 34091 | Orc:1    | Entered Level 1 of the Orcish Mines
 34091 | Orc:1    | Found Yfek's Book Emporium.
 34994 | Orc:2    | Entered Level 2 of the Orcish Mines
 35299 | Orc:2    | Reached ****** piety under Dithmenos
 35494 | Orc:2    | Found a frozen archway.
 35507 | Orc:2    | Found a staircase to the Elven Halls.
 35525 | IceCv    | Entered an ice cave
 35655 | IceCv    | Reached skill level 12 in Conjurations
 36621 | IceCv    | Reached skill level 10 in Spellcasting
 36790 | IceCv    | Noticed a frost giant
 36995 | IceCv    | Killed a frost giant
 37005 | IceCv    | Identified the Reference Book on Assistive Transformation
 37098 | Orc:2    | Noticed Saint Roka
 37459 | Orc:2    | Killed Saint Roka
 37459 | Orc:2    | Reached XP level 16. HP: 47/97 MP: 4/30
 38543 | Orc:2    | Reached skill level 13 in Conjurations
 39148 | Orc:2    | Found Jymodghye's Antique Armour Emporium.
 39153 | Orc:2    | Found Zeleypaiwn's Antique Weapon Shoppe.
 39223 | Orc:2    | Found Pycem's General Store.
 39223 | Orc:2    | Found Jula's Book Emporium.
 39441 | Orc:1    | Bought a book of Power for 540 gold pieces
 39576 | Spider:1 | Entered Level 1 of the Spider Nest
 40196 | Shoals:1 | Entered Level 1 of the Shoals
 41343 | Lair:3   | Found a hole to the Spider Nest.
 42209 | Spider:1 | Reached skill level 14 in Conjurations
 42430 | Spider:1 | Learned a level 7 spell: Orb of Destruction
 42465 | Spider:1 | Learned a level 5 spell: Iskenderun's Battlesphere
 43530 | Spider:1 | Reached XP level 17. HP: 102/102 MP: 27/33
 43907 | Spider:1 | Holy shit that was a bad spider 1 though
 44044 | Spider:2 | Reached skill level 15 in Conjurations
 44435 | Spider:2 | I still don't know what to do if a ghost moth shows up
 44435 | Spider:2 | I can shadow form I suppose, but how do I kill it
 47128 | Spider:3 | Reached skill level 1 in Shields
 47235 | Spider:3 | Reached skill level 16 in Conjurations
 47851 | Spider:3 | Noticed Nikola
 47861 | Spider:3 | Killed Nikola
 48797 | Spider:4 | Entered Level 4 of the Spider Nest
 49897 | Spider:4 | Paralysed by a hornet for 3 turns
 49979 | Spider:4 | Reached skill level 5 in Shields
 50135 | Spider:4 | Reached XP level 18. HP: 101/107 MP: 18/34
 52434 | Spider:4 | Noticed Arachne
 52457 | Spider:4 | Killed Arachne
 53278 | Spider:4 | this is very scary, I don't know how much I've used shadow
                  | form but I'm now at 4 pips of piety
 53278 | Spider:4 | Oh and I am really stupid, I forgot that I could use sticky
                  | flame for the ghost moths
 53278 | Spider:4 | It still is a bit unreliable unless I go invis myself
                  | though
 53303 | Spider:4 | Got a gossamer rune of Zot
 53424 | Lair:3   | Not gonna full clear spider with that in mind, the rune is
                  | enough
 53424 | Lair:3   | The shoals entrance was pretty bad, and I have no way of
                  | going invis now so I am at a loss
 53424 | Lair:3   | This might be the time to do elf actually
 53585 | Elf:1    | Entered Level 1 of the Elven Halls
 53586 | Elf:1    | Ok, so far the entrance isn't bad
 53590 | Elf:1    | Never mind there is an alarm trap that I have to have in my
                  | los to go further
 53590 | Elf:1    | Haven't triggered it yet but it's just a matter of time
 53675 | Elf:1    | Now I'm at risk of getting doublezapped in this corridor
                  | instead
 53675 | Elf:1    | I can probably kill the elves fast enough before they reach
                  | the place they need to be to doublezap me though
 53798 | Elf:1    | Oh no it's the annihilator vault
 53798 | Elf:1    | I might actually die
 54145 | Elf:1    | Identified Tuikk's Compendium of Conjuration
 54180 | Elf:1    | manual of polearms, interesting but no thanks
 54679 | Elf:1    | Found Qoom's Jewellery Shop.
 55994 | Elf:2    | Found a portal to a secret trove of treasure.
 56607 | Elf:2    | Found a runed gate.
 56607 | Elf:2    | Found a runed gate.
 56609 | Elf:2    | Found a runed gate.
 56610 | Elf:2    | a +9 dagger, that's not something you see every day
 56656 | Elf:2    | Got shadow form back!
 56884 | Elf:3    | Entered Level 3 of the Elven Halls
 57362 | Elf:3    | Reached XP level 19. HP: 103/115 MP: 21/35
 58016 | Elf:3    | Found Xaakucza's Antique Weapon Shop.
 58248 | Elf:3    | Okay, now for the hard part
 58317 | Elf:3    | Cast into level 3 of the Abyss (a deep elf sorcerer)
 58319 | Abyss:3  | well then
 59550 | Abyss:3  | Got an abyssal rune of Zot
 59572 | Abyss:3  | Slain by a tengu reaver

Vault maps used:
D:1:      matt_arrival_diagonals, hex_tiny
D:2:      first_ration
D:3:      minmay_recursive_quarters, kiku_gazebo_garden_becter,
          gup_sewer_entry_bubbles, uniq_terence
D:4:      gammafunk_ghost_arena
D:5:      grunt_gozag_statues
D:6:      overflow_temple_1_default
D:7:      minmay_overflow_temple_star_quad, minmay_temple_entry_large_hall,
          grunt_livestock
D:8:      minmay_octagon_keep, serial_shops, nicolae_shop_crystal,
          kennysheep_donut, minmay_tree_intersection, uniq_joseph, uniq_erica
D:9:      serial_bayou_crossing
D:10:     lair_entry_dummy, erik_orc_1, serial_shops, nicolae_shop_stone,
          hangedman_decor_clover_reticule, hangedman_tree_tricks,
          minmay_increasing_density
D:11:     special_room, gammafunk_ghost_berserking_beasts,
          nicolae_dithmenos_shadow_blocks
D:12:     grunt_decor_fettered
D:13:     uniq_rupert
D:14:     david_vaults_1, nrook_mini_backslash, uniq_frances, uniq_louise
D:15:     gammafunk_enter_depths_forms, ashenzari_altar_1
Temple:   kb_temple_of_zot
Lair:2:   serial_bayou_pond_e, serial_bayou_shore_b, serial_bayou_shore_a,
          infiniplex_staircase_pool
Lair:3:   spider_nest_entry_funnel_web, minivault_23, beast_lair_carwin_4
Lair:4:   shoals_dummy_entry, gammafunk_ghost_icy,
          nicolae_lair_grove_arrangements, beast_lair_carwin_1,
          lemuel_fruit_fields, minmay_lair_oklob_chamber
Lair:5:   pf_torpor_hydra, grunt_megastairs_3, uniq_kirke
Lair:6:   cheibrodos_lair_end_hotspot, minmay_slime_entry_pillars
Shoals:1: nicolae_shoals_kraken_intersection
Spider:1: nicolae_spider_mines_1
Spider:2: hive_lemuel
Spider:3: uniq_nikola
Spider:4: johnstein_spider_rune_arachne_lair
Orc:1:    serial_shops, shop_statue, lemuel_statue_altar
Orc:2:    st_orc_congregation, portal_ice_cave_entry_ice_beasts,
          nicolae_orc_rich_vein, uniq_saint_roka
Elf:1:    eino_elf_arrival_shootout, serial_shops,
          nicolae_shop_temple_entry_statues_fountains, minmay_elf_annihilation,
          patterned_corridor
Elf:2:    nicolae_trove_entry_crystal
Elf:3:    elf_hall_gauntlet_wide, serial_shops, shop, dk_noncrumbling_2
Abyss:3:  evilmike_abyss_exit_mutagenic,
          due_evilmike_abyss_rune_seething_liches, due_exit_kobolds
Sewer:    sewer_big_baddie
IceCv:    ice_cave_caverns_01

Skill      XL: |  1  2  3  4  5  6  7  8  9 10 11 12 13 14 15 16 17 18 19 |
---------------+----------------------------------------------------------+-----
Fighting       | 1 2 3 4 5 6 8 10 11 12 | 12.0
Conjurations   | 2 3 4 5 6 8 10 11 12 14 16 | 16.7
Spellcasting   | 3 4 7 9 10 12 | 12.0
Fire Magic     | 4 5 6 8 10 11 | 11.7
Dodging        | 3 6 8 10 12 13 14 | 14.8
Short Blades   | 5 6 10 12 14 | 14.0
Hexes          | 1 2 |  2.0
Invocations    | 6 11 | 11.0
Shields        | 5 |  5.6
Stealth        | |  2.6

Action                   |  1- 3 |  4- 6 |  7- 9 | 10-12 | 13-15 | 16-18 | 19-21 || total
-------------------------+-------+-------+-------+-------+-------+-------+-------++-------
Melee: Dagger            |     2 |    14 |    31 |   117 |   472 |    27 |       ||   663
       Staff             |       |       |       |     3 |     4 |       |       ||     7
       Rapier            |       |       |       |       |       |   160 |    30 ||   190
Throw: Stone             |     4 |     4 |    23 |     2 |       |     4 |     1 ||    38
 Cast: Flame Tongue      |    52 |   117 |   229 |   322 |   446 |   621 |     8 ||  1795
       Conjure Flame     |       |     6 |    20 |    35 |    13 |       |     2 ||    76
       Sticky Flame      |       |       |    15 |    86 |   161 |   215 |    13 ||   490
       Fireball          |       |       |       |    19 |   164 |   197 |     8 ||   388
       Confusing Touch   |       |       |       |       |     4 |     1 |       ||     5
       Orb of Destructio |       |       |       |       |       |    45 |    22 ||    67
       Iskenderun's Batt |       |       |       |       |       |     5 |       ||     5
Invok: Shadow Form       |       |       |       |       |     2 |    11 |     2 ||    15
 Abil: End Transformatio |       |       |       |       |     1 |     4 |     1 ||     6
Evoke: Phial of floods   |       |       |       |     1 |     2 |     1 |       ||     4
       Wand              |       |       |       |     1 |     9 |     7 |     5 ||    22
  Use: Scroll            |     1 |     6 |    11 |    11 |    12 |    20 |    10 ||    71
       Potion            |       |     1 |       |       |     2 |    11 |    11 ||    25
 Stab: Sleeping          |       |     1 |     4 |     1 |     1 |    13 |       ||    20
       Invisible         |       |       |       |       |     4 |     2 |       ||     6
       Confused          |       |       |       |       |     3 |       |       ||     3
       Distracted        |       |       |       |       |     1 |       |       ||     1
       Fleeing           |       |       |       |       |       |       |     1 ||     1
  Eat: Chunk             |    11 |     9 |    23 |    47 |    77 |   101 |     1 ||   269
       Ration            |       |       |       |       |     5 |     9 |     5 ||    19
Armor: Robe              |     3 |     5 |     4 |    13 |    45 |    86 |    11 ||   167
Dodge: Dodged            |    17 |    37 |    67 |   211 |   652 |   892 |    98 ||  1974
Block: Buckler           |       |       |       |       |       |   108 |    25 ||   133

Table legend:
 A = Non-vault XP
 B = Vault XP
 C = Vault XP percentage of total XP
 D = Non-vault monster count
 E = Vault monster count
 F = Vault count percentage of total count
                 A         B        C        D         E       F
            +---------+---------+-------+---------+---------+-------
      Total |  184816 |   98516 |  34.8 |     818 |     345 |  29.7
            +---------+---------+-------+---------+---------+-------
        D:1 |      24 |       0 |   0.0 |      15 |       0 |   0.0
        D:2 |      47 |       0 |   0.0 |      13 |       0 |   0.0
        D:3 |      96 |     109 |  53.2 |      26 |      18 |  40.9
        D:4 |     566 |       0 |   0.0 |      11 |       0 |   0.0
        D:5 |    1306 |       0 |   0.0 |      25 |       0 |   0.0
        D:6 |    1221 |       0 |   0.0 |      35 |       0 |   0.0
        D:7 |    1151 |     995 |  46.4 |      19 |       5 |  20.8
        D:8 |     512 |     885 |  63.4 |      10 |       7 |  41.2
        D:9 |    2905 |       0 |   0.0 |      16 |       0 |   0.0
       D:10 |    3245 |    1019 |  23.9 |      34 |      22 |  39.3
       D:11 |    5903 |     980 |  14.2 |      41 |      24 |  36.9
       D:12 |   10749 |       0 |   0.0 |      47 |       0 |   0.0
       D:13 |    5879 |       0 |   0.0 |      23 |       0 |   0.0
       D:14 |    8720 |    5863 |  40.2 |      42 |       5 |  10.6
       D:15 |    6567 |    4367 |  39.9 |      23 |      10 |  30.3
     Lair:1 |    3575 |       0 |   0.0 |      17 |       0 |   0.0
     Lair:2 |    1185 |       0 |   0.0 |       5 |       0 |   0.0
     Lair:3 |    4749 |    1523 |  24.3 |      10 |      10 |  50.0
     Lair:4 |    4249 |    3688 |  46.5 |      17 |       8 |  32.0
     Lair:5 |    4527 |    3630 |  44.5 |      15 |      10 |  40.0
     Lair:6 |    2286 |    2790 |  55.0 |       7 |      13 |  65.0
   Shoals:1 |    2311 |       0 |   0.0 |       7 |       0 |   0.0
   Spider:1 |   21926 |    2661 |  10.8 |      72 |       7 |   8.9
   Spider:2 |   17276 |       0 |   0.0 |      58 |       0 |   0.0
   Spider:3 |   19478 |    4000 |  17.0 |      56 |       2 |   3.4
   Spider:4 |   11216 |   26058 |  69.9 |      39 |      49 |  55.7
      Orc:1 |    2347 |       0 |   0.0 |      28 |       0 |   0.0
      Orc:2 |    2259 |   16290 |  87.8 |      40 |      85 |  68.0
      Elf:1 |    3423 |    5913 |  63.3 |       7 |       9 |  56.2
      Elf:2 |   15792 |    3096 |  16.4 |      24 |       5 |  17.2
      Elf:3 |   11818 |    1348 |  10.2 |      17 |       1 |   5.6
    Abyss:3 |    7508 |    1825 |  19.6 |      19 |       1 |   5.0
      Sewer |       0 |     115 | 100.0 |       0 |       6 | 100.0
      IceCv |       0 |   11361 | 100.0 |       0 |      48 | 100.0
            +---------+---------+-------+---------+---------+-------
